 Dungeon Crawl Stone Soup version 0.29-a0-367-gc2b5878c41 (webtiles) character file.

Game seed: 14371041931670653167

5923 prowojo666 the Cleaver (level 10, -13/93 HPs)
             Began as a Minotaur Berserker on May 1, 2022.
             Was a Priest of Trog.
             Killed from afar by a deep elf pyromancer (18 damage)
             ... with a bolt of fire
             ... on level 10 of the Dungeon.
             The game lasted 00:22:30 (12890 turns).

prowojo666 the Cleaver (Minotaur Berserker)        Turns: 12890, Time: 00:22:31

Health: -13/93     AC: 19    Str: 31    XL:     10   Next: 53%
Magic:  18/18      EV: 10    Int: 10    God:    Trog [***...]
Gold:   542        SH:  0    Dex:  9    Spells: 9/9 levels left

rFire   . . .      SeeInvis .   W - +6 battleaxe "Tomizepi" {flame, rN+ MP+9 Str+4}
rCold   . . .      Faith    .   (shield currently unavailable)
rNeg    + + .      Spirit   .   u - +0 plate armour
rPois   .          Reflect  .   (helmet restricted)
rElec   .          Harm     .   (no cloak)
rCorr   .          Rampage  .   c - +0 pair of gloves
Will    .....                   o - +2 pair of boots
Stlth   ..........              R - amulet of regeneration
HPRegen 1.05/turn               L - +6 ring of intelligence
MPRegen 0.16/turn               X - ring of positive energy

@: on berserk cooldown, slowed, very slow
A: horns 2, retaliatory headbutt
a: Renounce Religion, Berserk, Trog's Hand


You were on level 10 of the Dungeon.
You worshipped Trog.
Trog was most pleased with you.
You visited 1 branch of the dungeon, and saw 10 of its levels.

You collected 542 gold pieces.

Inventory:

Hand Weapons
 a - a +0 hand axe
 e - the +7 dagger of Checks and Balances {drain, rF- rC+++ Dex+3 Stlth-}
   (You found it on level 6 of the Dungeon)

   A truly terrible weapon, it drains the life of any living foe it strikes.
   Dex:       It affects your dexterity (+3).
   rF:        It makes you vulnerable to fire.
   rC:        It renders you almost immune to cold.
   Stlth:     It makes you less stealthy.
 i - a +1 spear of venom
 G - a +2 mace of protection
 Q - a +4 flail of holy wrath
 W - the +6 battleaxe "Tomizepi" (weapon) {flame, rN+ MP+9 Str+4}
   (You acquired it on level 8 of the Dungeon)

   It burns those it strikes, dealing additional fire damage.
   Big, fiery blades are also staple armaments of hydra-hunters.
   Str:       It affects your strength (+4).
   rN:        It protects you from negative energy.
   MP:        It affects your magic capacity (+9).
Missiles
 j - 330 stones
 w - 5 atropa-tipped darts
 x - 36 poisoned darts (quivered)
Armour
 b - a +0 animal skin
 c - a +0 pair of gloves (worn)
 g - a +0 pair of boots
 n - a +0 ring mail
 o - a +2 pair of boots (worn)
 t - a +0 scale mail
 u - a +0 plate armour (worn)
 O - a +0 scale mail of cold resistance
 U - a +2 buckler
Magical Staves
 y - a staff of poison
 M - a staff of poison
Jewellery
 v - a ring of wizardry
 L - a +6 ring of intelligence (left hand)
 R - an amulet of regeneration (around neck)
 X - a ring of positive energy (right hand)
Wands
 K - a wand of iceblast (5)
 N - a wand of polymorph (12)
 P - a wand of mindburst (26)
 V - a wand of charming (9)
Scrolls
 d - 7 scrolls of teleportation
 k - 2 scrolls of identify
 m - a scroll of magic mapping
 p - a scroll of torment {unknown}
 q - a scroll of immolation {unknown}
 r - a scroll of enchant weapon {unknown}
 A - a scroll of acquirement
 B - a scroll of brand weapon {unknown}
 I - a scroll of summoning
 J - a scroll of fear {unknown}
 T - 2 scrolls of holy word {unknown}
Potions
 f - 2 potions of ambrosia
 h - 3 potions of might
 l - 3 potions of curing
 s - a potion of attraction {unknown}
 z - a potion of haste {unknown}
 C - 2 potions of brilliance
 D - a potion of heal wounds
 E - a potion of resistance
 F - 3 potions of flight
 H - a potion of degeneration {unknown}
 S - a potion of lignification {unknown}


   Skills:
 + Level 9.8 Fighting
 + Level 10.5(10.9) Axes
 - Level 4.3(8.0) Maces & Flails
 + Level 9.4 Armour
 + Level 8.6 Dodging


You had 9 spell levels left.
You didn't know any spells.
Your spell library contained the following spells:

 Spells                   Type           Power      Damage    Failure   Level
 Summon Small Mammal      Summ           0%         N/A       95%         1
 Call Canine Familiar     Summ           0%         N/A       100%        3
 Frozen Ramparts          Ice            0%         1d2       100%        3
 Summon Guardian Golem    Hex/Summ       0%         N/A       100%        3
 Tukima's Dance           Hex            0%         N/A       100%        3
 Ice Form                 Ice/Tmut       0%         N/A       100%        4
 Passage of Golubria      Tloc           0%         N/A       100%        4
 Summon Ice Beast         Ice/Summ       0%         N/A       100%        4
 Yara's Violent Unravell  Hex/Tmut       0%         3d3       100%        5


Dungeon Overview and Level Annotations

Branches:
Dungeon (10/15)            Temple (0/1) D:7            Lair (0/6) D:8
    Orc: D:9-12

Altars:
Fedhas
Gozag
Kikubaaqudgha
Makhleb
Nemelex Xobeh
Sif Muna
Vehumet
Wu Jian
Yredelemnul
Zin

Shops:
D:8 (   D:9 [


Innate Abilities, Weirdness & Mutations

You have a pair of horns on your head.
You reflexively headbutt those who attack you in melee.


Message History

You are covered in liquid flames!
The deep elf pyromancer mumbles some strange words.
The deep elf pyromancer blinks!
The fire elemental hits you. The fire elemental burns you!
You are covered in liquid flames!
You are covered in liquid flames!
You are no longer on fire.
The fire elemental closely misses you. You furiously retaliate!
You headbutt the fire elemental. The fire elemental hits you.
The fire elemental burns you!
* * * LOW HITPOINT WARNING * * *
The fire elemental barely misses you. You furiously retaliate!
You headbutt the fire elemental. The fire elemental hits you.
The fire elemental burns you!
* * * LOW HITPOINT WARNING * * *
The fire elemental closely misses you. You furiously retaliate!
You headbutt the fire elemental.
You feel much better. The fire elemental hits you.
The fire elemental burns you! The fire elemental barely misses you.
You furiously retaliate!
You headbutt the fire elemental! The fire elemental hits you.
The fire elemental burns you!
The deep elf pyromancer gestures at you while chanting.
The sticky flame hits you but does no damage.
You are covered in liquid flames!
The fire elemental hits you. The fire elemental burns you!
The fire elemental hits you. The fire elemental burns you!
You are covered in liquid flames!
* * * LOW HITPOINT WARNING * * *
The deep elf pyromancer gestures at you while chanting.
The bolt of fire hits you!
* * * LOW HITPOINT WARNING * * *
The fire elemental hits you. The fire elemental burns you!
* * * LOW HITPOINT WARNING * * *
The fire elemental barely misses you.
You are covered in liquid flames!
* * * LOW HITPOINT WARNING * * *
You are no longer on fire.
The deep elf pyromancer gestures at you while chanting.
The bolt of fire hits you!!
You die...

. .#
############+###.##
#...E○°...........+
#..@EE○...........#
+...e☼°...........#
##....##.##..##..#
###....#####°.##
#.........○☼○..#
#..........○...#
#..............#
#..............#
#............).#


You could see a deep elf pyromancer and 3 fire elementals.

Vanquished Creatures
  2 kobold demonologists (D:9)
  A hornet (D:9)
  Sigmund (D:6)
  11 yaks
  A steam dragon (D:8)
  Edmund (D:6)
  A water moccasin (D:6)
  An orc warrior (D:9)
  An ice beast (D:7)
  4 black bears
  5 centaurs
  4 phantoms
  2 kobold brigands (D:9)
  Blork the orc (D:4)
  A necrophage (D:4)
  3 bullfrogs
  9 scorpions
  3 killer bees (D:7)
  2 howler monkeys (D:9)
  A gnoll shaman (D:9)
  3 orc priests
  3 hounds
  3 iguanas
  7 orc wizards
  4 gnolls (D:9)
  10 adders
  A shadow imp (D:6)
  2 white imps
  3 worms
  2 dart slugs
  24 orcs
  7 ball pythons
  10 bats
  4 endoplasms
  6 goblins
  3 hobgoblins
  2 jackals (D:4)
  8 kobolds
  A quokka (D:2)
  3 frilled lizards (D:3)
  3 rats
  A spectral orc (D:7)
165 creatures vanquished.

Vanquished Creatures (others)
  2 demonic plants (D:6)
  20 fungi
  4 plants (D:9)
26 creatures vanquished.

Grand Total: 191 creatures vanquished

Notes
Turn   | Place    | Note
-------+----------+-------------------------------------------
     0 | D:1      | prowojo666 the Minotaur Berserker began the quest for the
                  | Orb.
     0 | D:1      | Reached XP level 1. HP: 19/19 MP: 0/0
    68 | D:1      | Found a faded altar of an unknown god.
   297 | D:1      | Reached XP level 2. HP: 24/27 MP: 1/1
  1161 | D:2      | Reached skill level 4 in Axes
  1490 | D:2      | Reached XP level 3. HP: 33/33 MP: 2/2
  2336 | D:3      | Reached XP level 4. HP: 31/40 MP: 3/3
  2597 | D:3      | Reached skill level 5 in Axes
  2809 | D:3      | Reached ** piety under Trog
  3386 | D:3      | Found a shimmering blue altar of Sif Muna.
  3442 | D:3      | Reached XP level 5. HP: 42/47 MP: 4/4
  3701 | D:3      | Found a sparkling altar of Nemelex Xobeh.
  4184 | D:4      | Noticed Blork the orc
  4190 | D:4      | Killed Blork the orc
  4191 | D:4      | Reached skill level 5 in Fighting
  4191 | D:4      | Reached XP level 6. HP: 55/56 MP: 5/5
  4341 | D:4      | Reached skill level 6 in Axes
  4542 | D:4      | Reached XP level 7. HP: 55/61 MP: 6/6
  4742 | D:4      | Reached skill level 7 in Axes
  4844 | D:4      | Reached skill level 5 in Armour
  4912 | D:5      | Entered Level 5 of the Dungeon
  5201 | D:5      | Found an ancient bone altar of Kikubaaqudgha.
  5283 | D:5      | Reached skill level 5 in Dodging
  5283 | D:5      | Reached XP level 8. HP: 67/70 MP: 7/7
  5340 | D:5      | Reached skill level 8 in Axes
  5400 | D:5      | Found a radiant altar of Vehumet.
  5897 | D:6      | Found a burning altar of Makhleb.
  5905 | D:6      | Identified the +7 dagger of Checks and Balances {drain, rF-
                  | rC+++ Dex+3 Stlth-}
  6066 | D:6      | Found an ornate altar of the Wu Jian Council.
  6601 | D:6      | Reached skill level 9 in Axes
  7049 | D:6      | Found a glowing silver altar of Zin.
  7298 | D:6      | Noticed Sigmund
  7308 | D:6      | Killed Sigmund
  7317 | D:6      | Noticed Edmund
  7329 | D:6      | Killed Edmund
  7818 | D:7      | Reached XP level 9. HP: 61/79 MP: 8/8
  7827 | D:7      | Reached skill level 1 in Maces & Flails
  8486 | D:7      | Found a staircase to the Ecumenical Temple.
  8639 | D:7      | Found an opulent altar of Gozag.
  9018 | D:7      | Found a basalt altar of Yredelemnul.
  9450 | D:8      | Identified 2 scrolls of acquirement
  9450 | D:8      | Acquired the +6 battleaxe "Tomizepi" {flame, rN+ MP+9
                  | Str+4}
  9793 | D:8      | Found a staircase to the Lair.
 10054 | D:8      | Found Lynk's Weapon Shop.
 11682 | D:9      | Noticed a kobold demonologist
 11684 | D:9      | Noticed a sun demon
 11692 | D:9      | Noticed a kobold demonologist
 11693 | D:9      | Noticed a sixfirhy
 11693 | D:9      | Killed a kobold demonologist
 11694 | D:9      | Reached XP level 10. HP: 90/90 MP: 9/9
 11922 | D:9      | Reached *** piety under Trog
 11923 | D:9      | Reached skill level 10 in Axes
 12607 | D:9      | Found Xoezxodoso's Antique Armour Emporium.
 12621 | D:9      | Found a blossoming altar of Fedhas.
 12860 | D:10     | Entered Level 10 of the Dungeon
 12866 | D:10     | Noticed a deep elf pyromancer
 12890 | D:10     | HP: 3/93 [burnt (6)]
 12890 | D:10     | Killed from afar by a deep elf pyromancer

Illustrated notes

Levels and vault maps discovered:
D:1:      psy_arrival_conway, layout_basic, basic_ecumenical_altar,
          supply_closet_lemuel, grunt_decor_resistance, hex_tiny
D:2:      layout_rooms
D:3:      layout_loops_cross, nicolae_sif_muna_condensation,
          nemelex_diamond_rough_becter
D:4:      old_forge, layout_loops_ring, uniq_blork_the_orc
D:5:      layout_rooms, mainiacjoe_overflow_surrounded_room,
          kiku_gazebo_pond_becter
D:6:      layout_rooms, mainiacjoe_overflow_paths, zin_academy,
          general_overflow_altar, dreamdust_princess_corridor,
          nrook_pool_corridor, minmay_holes, sigmund_edmund_badplayer
D:7:      layout_basic, yredelemnul_forgotten_temple_becter,
          grunt_gozag_breadcrumbs, minmay_temple_entry_grid
D:8:      nicolae_cairo_tiling_large, layout_layer_cave, serial_shops,
          kennysheep_mini_moat
D:9:      layout_cave_pools, fedhas_altar_3, serial_shops,
          nicolae_shop_overgrown_old_shop
D:10:     layout_gridville

Skill      XL: |  1  2  3  4  5  6  7  8  9 10 |
---------------+-------------------------------+-----
Fighting       | 4 5 6 7 8 9 |  9.8
Axes           | 4 5 6 7 9 10 | 10.5
Armour         | 3 4 5 6 8 9 |  9.4
Dodging        | 3 4 5 6 7 8 |  8.6
Maces & Flails | 4 |  4.3

Action                   |  1- 3 |  4- 6 |  7- 9 | 10-12 || total
-------------------------+-------+-------+-------+-------++-------
Melee: Hand axe          |    67 |   115 |   176 |       ||   358
       Headbutt          |    11 |    21 |    43 |    10 ||    85
       Punch             |     1 |     1 |     4 |       ||     6
       Flail             |       |       |    70 |       ||    70
       Battleaxe         |       |       |    16 |    53 ||    69
Invok: Berserk           |     1 |     2 |    10 |     4 ||    17
       Trog's Hand       |       |     1 |       |       ||     1
  Use: Scroll            |       |     3 |     9 |       ||    12
       Potion            |       |       |       |     1 ||     1
Armor: Animal skin       |     6 |       |       |       ||     6
       Ring mail         |    23 |       |       |       ||    23
       Plate armour      |     7 |    72 |   173 |    53 ||   305
Dodge: Dodged            |    43 |    24 |   113 |    55 ||   235

Table legend: (Time is in decaauts)
 A = Elapsed time spent in this place.
 B = Non-inter-level travel time spent in this place.
 C = Inter-level travel time spent in this place.
 D = Time resting spent in this place.
 E = Time spent auto-exploring this place.
 F = Levels seen in this place.
 G = Mean time per level.
                   A        B        C        D        E       F      G
               +--------+--------+--------+--------+--------+-----+--------+
         Total |  13072 |  12550 |    522 |   4893 |   4951 |  10 | 1307.2 |
       Dungeon |  13072 |  12550 |    522 |   4893 |   4951 |  10 | 1307.2 |
               +--------+--------+--------+--------+--------+-----+--------+

Top non-repeatable levels by time:
     D:8: 2766 daAuts
     D:6: 2059 daAuts
     D:7: 1728 daAuts
     D:3: 1549 daAuts
     D:1: 1154 daAuts
     D:2: 1135 daAuts
     D:4: 1129 daAuts
     D:5: 766 daAuts
     D:9: 747 daAuts
    D:10: 36 daAuts
